 Dungeon Crawl Stone Soup version 0.15-a0-58-gfb3cfe9 (webtiles) character file.

91959 Froboctopus the Frost Mage (level 15, -11/103 HPs)
             Began as a Mummy Ice Elementalist on Apr 4, 2014.
             Was the Champion of Sif Muna.
             Mangled by a skeletal warrior
             ... wielding a +0,+0 glaive
              (37 damage)
             ... on Level 14 of the Dungeon on Apr 5, 2014.
             The game lasted 02:53:46 (35135 turns).

Froboctopus the Frost Mage (MuIE)                  Turns: 35135, Time: 02:53:46

HP -11/103       AC 16     Str 11      XL: 15   Next: 49%
MP   3/33        EV 14     Int 22      God: Sif Muna [******]
Gold 2533        SH  9     Dex 16      Spells: 10 memorised,  1 level left

rFire  x . .     SeeInvis .     t - staff of cold
rCold  + + +     Clarity  .     q - +2 robe "Ghobbid" {Dam+4}
rNeg   + + +     Conserve .     G - +0 buckler
rPois  +         rCorr    +     o - +2 helmet
rElec  .         rRot     +     g - +0 cloak
SustAb . .       Spirit   .     i - +2 pair of gloves
rMut   .         Warding  .     (no boots)
Saprov . . .     Stasis   .     j - amulet of resist corrosion
MR     +....                    x - +5 ring of protection
                                M - ring "Qoofuef" {rC+ Dex+4 Int+3}

@: death channel, somewhat resistant to hostile enchantments, fairly stealthy
A: no food or potions, fire vulnerability, in touch with death, restore body,
cold resistance 1, life protection 3, poison resistance, torment resistance,
unbreathing
a: Self-Restoration, Channel Energy, Forget Spell, Renounce Religion


You were on level 14 of the Dungeon.
You worshipped Sif Muna.
Sif Muna was exalted by your worship.
You were not hungry.

You visited 4 branches of the dungeon, and saw 27 of its levels.
You also visited: Labyrinth and Ice Cave.

You collected 2894 gold pieces.
You spent 361 gold pieces at shops.

Inventory:

Hand weapons
 n - the +6,+7 war axe "Igyng" {chop, *Tele rF+ MR++ Int-1 Stlth+}
   (You found it on level 7 of the Dungeon)

   It inflicts extra damage upon your enemies.
   It affects your intelligence (-1).
   It protects you from fire.
   It affects your resistance to hostile enchantments.
   It causes random teleportation.
   It makes you much more stealthy.
Missiles
 m - 3 darts (quivered)
Armour
 g - a +0 cloak (worn)
 i - a +2 pair of gloves (worn)
 o - a +2 helmet (worn)
 q - the +2 robe "Ghobbid" (worn) {Dam+4}
   (You found it on level 6 of the Dungeon)

   It affects your damage with ranged weapons and melee attacks (+4).
 G - a +0 buckler (worn)
Magical devices
 a - a wand of fire (4)
 d - a wand of fire (7)
 h - a wand of hasting (3)
 s - a wand of fire (9)
 F - a wand of draining (7)
 H - a wand of teleportation (5)
 I - a wand of lightning (5)
 J - a wand of cold (9)
 O - a wand of digging (6)
Scrolls
 b - 4 scrolls of remove curse
 e - a scroll of fear
 f - a scroll of identify
 k - 2 scrolls of teleportation
 l - 2 scrolls of blinking
 p - 2 scrolls of fog
 w - 2 scrolls of summoning
 A - a scroll of amnesia
 C - a scroll of magic mapping
Jewellery
 c - an uncursed ring of protection from magic
 j - an amulet of resist corrosion (around neck)
 r - an uncursed amulet of stasis
 u - the ring "Cratsau" {Ice Str+2 Dex-3}
   (You found it on level 10 of the Dungeon)

   [ring of ice]

   It enhances your ice magic, and weakens your fire magic.
   It affects your strength (+2).
   It affects your dexterity (-3).
   It makes you vulnerable to fire.
   It protects you from cold.
 x - a +5 ring of protection (right hand)
 E - an uncursed ring of wizardry
 M - the ring "Qoofuef" (left hand) {rC+ Dex+4 Int+3}
   (You found it in a labyrinth)

   [ring of protection from cold]

   It affects your intelligence (+3).
   It affects your dexterity (+4).
   It protects you from cold.
Magical staves
 t - an uncursed staff of cold (weapon)
 y - an uncursed staff of fire
Miscellaneous
 B - a fan of gales (inert)


   Skills:
 + Level 5.2 Fighting
 + Level 4.9 Dodging
 - Level 1.5 Stealth
 - Level 2.1 Shields
 - Level 10.3 Spellcasting
 - Level 8.8 Conjurations
 - Level 7.2 Summonings
 + Level 11.4 Necromancy
 - Level 14.2 Ice Magic
 - Level 3.0 Invocations


You had one spell level left.
You knew the following spells:

 Your Spells              Type           Power        Failure   Level  Hunger
a - Flame Tongue          Conj/Fire      ###..        1%          1    N/A
b - Ozocubu's Armour      Chrm/Ice       ######....   1%          3    N/A
c - Summon Ice Beast      Ice/Summ       ######..     1%          4    N/A
d - Throw Icicle          Conj/Ice       #######.     1%          4    N/A
e - Death Channel         Necr           #######...   10%         6    N/A
f - Repel Missiles        Chrm/Air       ##....       10%         2    N/A
g - Blink                 Tloc           N/A          10%         2    N/A
h - Freeze                Ice            ####         1%          1    N/A
i - Animate Dead          Necr           N/A          1%          4    N/A
j - Ozocubu's Refrigerat  Ice            #######...   2%          6    N/A

Dungeon Overview and Level Annotations

Branches:
Dungeon (14/15)            Temple (1/1) D:5             Orc (4/4) D:11
    Elf (0/3) Orc:3          Lair (8/8) D:10          Swamp (0/5) Lair:6
 Spider (0/5) Lair:3        Slime (0/6) Lair:7       Vaults (0/5) D:13

Altars:
Ashenzari
Cheibriados
Dithmenos
Elyvilon
Fedhas
Kikubaaqudgha
Makhleb
Nemelex Xobeh
Okawaru
Sif Muna
Trog
Vehumet
Xom
Yredelemnul
Zin
The Shining One
Beogh
Jiyva

Shops:
D:7 [   Orc:4 **!}

Annotations:
D:9 Joseph


Innate Abilities, Weirdness & Mutations

You do not eat or drink.
Your flesh is vulnerable to fire.
You are in touch with the powers of death.
You can restore your body by infusing magical energy.
Your flesh is cold resistant.
You are immune to negative energy.
Your system is resistant to poisons.
You are immune to unholy pain and torment.
You can survive without breathing.


Message History

Anything else - Stay silent.
Gang up on whom?
Press: ? - help, Dir - move target cursor, f - skeletal warrior
Aim: a skeletal warrior, wielding a glowing trident (severely damaged) Attack!
The skeletal warrior closely misses you.
The skeletal warrior hits your spectral yak with a glaive!
Your spectral orc barely misses the skeletal warrior.
Your spectral yak gores the skeletal warrior but does no damage. x2
Unknown command.
Your spectral orc hits the skeletal warrior.
Your spectral yak closely misses the skeletal warrior.
Your spectral yak gores the skeletal warrior but does no damage.
The skeletal warrior hits your spectral yak with a glaive.
Your spectral orc barely misses the skeletal warrior.
Something barely misses the skeletal warrior.
The skeletal warrior barely misses you.
Something closely misses the skeletal warrior.
The skeletal warrior hits you from afar with a glaive!
You die...

#.# #.. #.###
#.. #.(.#
#.###
#.#Z####...
#.#.z.!#.##
#....%W...#
..#...z.W#..#
##......###z.#
#.......@....#
#..####.###.##
. #.# #.# #.#
#.# ... ... ..
... ##. #.#.
#. #.#. . .


You could see 2 skeletal warriors, a friendly yak zombie and a friendly orc
zombie.

Vanquished Creatures
  Donald (D:13)
  Josephine (Orc:3)
  5 hydras
  Fannar (Lair:2)
  A great orb of eyes (D:13)
  Harold (Orc:4)
  An ogre mage (Orc:4)
  Erica (D:11)
  A death yak (Lair:5)
  2 tengu warriors (D:13)
  The ghost of therealpatrickswayze the Martial Artist, an experienced DrMo of Okawaru (D:8)
  A catoblepas (D:12)
  An ice statue (IceCv)
  2 unseen horrors
  A hill giant (D:11)
  An orc knight (Orc:3)
  4 griffons
  An orc sorcerer (Orc:1)
  A manticore (D:13)
  8 elephants
  A steam dragon (Lair:8)
  3 black mambas
  4 spiny frogs
  7 komodo dragons
  4 two-headed ogres (Orc:4)
  A redback zombie (Lair:8)
  5 trolls
  3 fire drakes
  A jumping spider (Lair:7)
  A spriggan druid (Lair:8)
  8 giant fireflies (Lair:8)
  7 polar bears
  2 boggarts (D:13)
  7 blink frogs
  A giant firefly (shapeshifter) (D:14)
  A fire vortex (D:13)
  2 basilisks
  9 spriggans (Lair:8)
  16 humans (D:13)
  6 grizzly bears
  5 sharks
  A tarantella (Lair:7)
  3 wyverns
  9 ugly things
  A wraith (D:12)
  29 yaks
  7 hippogriffs
  2 hungry ghosts
  3 porcupines
  2 necrophages
  The ghost of Bloax the Insei, an average GrTm (D:5)
  27 wolves
  9 soldier ants (Lair:8)
  13 orc warriors
  7 water moccasins
  2 sky beasts
  2 phantoms
  6 black bears
  6 ice beasts
  5 spiders (Lair:3)
  9 ogres
  A blink frog zombie (Lair:8)
  2 giant goldfish
  8 centaurs
  11 crocodiles
  11 giant slugs
  7 lava worms (D:13)
  15 giant frogs
  A gnoll sergeant (D:10)
  A big kobold (D:10)
  10 killer bees
  2 scorpions
  A troll zombie (Orc:4)
  A hippogriff skeleton (D:11)
  2 wights (D:8)
  4 electric eels (D:10)
  4 crimson imps
  9 hounds
  A lava snake (D:13)
  A goliath beetle (D:7)
  6 big fish
  18 orc priests
  19 orc wizards
  A giant frog skeleton (D:5)
  3 jellies
  11 iguanas
  A killer bee zombie (D:9)
  23 worker ants
  An ogre zombie (D:11)
  2 sheep (D:10)
  A mottled dragon skeleton (D:13)
  A hound zombie (D:13)
  An ogre skeleton (Orc:3)
  8 worker ant zombies
  19 adders
  5 gnolls
  A gnoll skeleton (D:4)
  2 giant mites
  An inept feature mimic (D:5)
  A shadow imp (D:5)
  21 green rats
  7 worms
  A giant eyeball (D:7)
  9 giant geckos
  144 orcs
  25 bats
  A bat skeleton (D:7)
  19 hobgoblins
  26 jackals
  12 kobolds
  15 quokkas
  4 ball pythons
  5 giant cockroaches
  A giant gecko skeleton (D:4)
  6 giant newts
  A giant spore (D:12)
  22 goblins
  2 hobgoblin skeletons
  A kobold zombie (D:6)
  5 orc skeletons
  18 orc zombies
  19 rats
  8 fungi (Lair:8)
  8 plants
871 creatures vanquished.

Vanquished Creatures (collateral kills)
  Norris (D:13)
  Gastronok (Lair:2)
  A minotaur (Lab)
  2 hydras
  3 ogre magi (Orc:4)
  3 death yaks
  A centaur warrior (D:13)
  Nergalle (Lair:5)
  A wizard (D:12)
  6 hill giants
  An orc sorcerer (Orc:4)
  3 orc knights
  2 cyclopes
  An elephant (Lair:4)
  3 black mambas
  A queen ant (Lair:8)
  6 spiny frogs
  A kobold demonologist (D:9)
  A centaur zombie (D:13)
  2 giant fireflies (Lair:8)
  2 yaktaurs (D:13)
  A polar bear (shapeshifter) (D:13)
  4 polar bears (IceCv)
  A merfolk (D:10)
  6 two-headed ogres
  7 trolls
  15 blink frogs
  A grizzly bear (Lair:8)
  2 redbacks (Lair:7)
  A wraith (D:10)
  A hill giant zombie (D:11)
  A spriggan (Lair:8)
  A basilisk (D:13)
  2 sharks
  7 ugly things
  A deep elf mage (D:10)
  3 elephant slugs
  2 hippogriffs
  A deep elf fighter (D:8)
  24 yaks
  An elf skeleton (D:13)
  2 hogs (D:10)
  3 hungry ghosts (Lab)
  A hill giant skeleton (D:9)
  A wyvern (D:10)
  2 wargs
  A water moccasin (Lair:8)
  9 wolves
  5 soldier ants
  3 porcupines
  6 ice beasts
  3 giant goldfish
  4 spiders (Lair:3)
  10 black bears
  6 centaurs
  20 ogres
  6 orc warriors
  A sky beast (D:9)
  5 phantoms
  Sigmund (D:2)
  A crocodile (Lair:5)
  5 giant slugs
  5 giant frogs
  2 big kobolds
  Blork the orc (D:7)
  2 killer bees (D:7)
  A hippogriff zombie (D:13)
  10 wights
  A crimson imp (D:8)
  2 electric eels
  2 big fish
  5 iguanas
  A jelly (D:5)
  3 gnoll shamans
  A hound (D:10)
  12 orc priests
  7 orc wizards
  19 worker ants
  7 sheep
  6 ogre zombies (D:11)
  A mottled dragon skeleton (D:11)
  A mummy (D:8)
  3 adders
  A worm zombie (D:9)
  6 gnolls
  13 green rats
  A goliath beetle zombie (D:9)
  2 worms
  An iguana skeleton (D:9)
  31 orcs
  A bat (D:8)
  3 hobgoblins
  24 jackals
  3 goblins
  A goblin skeleton (Orc:3)
  A goblin zombie (D:11)
  A hobgoblin skeleton (D:11)
  2 hobgoblin zombies (D:11)
  3 kobolds
  A kobold zombie (D:8)
  2 orc skeletons
  11 orc zombies
  5 rats
  3 spectral orcs (Lair:5)
  6 fungi
  3 plants
437 creatures vanquished.

Vanquished Creatures (others)
  An elephant slug zombie (Lair:8)
  2 hydra zombies
  A two-headed ogre (D:9)
  A jumping spider zombie (Lair:8)
  A griffon zombie (D:13)
  An air elemental (D:13)
  2 hill giant zombies
  An ugly thing zombie (D:11)
  3 giant firefly zombies (Lair:8)
  37 orc zombies
  A spiny frog zombie (Lair:8)
  3 elephant zombies
  3 blink frog zombies (Lair:8)
  3 human zombies
  A warg zombie (Orc:4)
  A troll zombie (Orc:4)
  A hippogriff zombie (D:11)
  A spriggan zombie (Lair:8)
  72 ice beasts
  6 yak zombies
  2 killer bee zombies (D:11)
  A killer bee (D:7)
  5 wolf zombies (Lair:8)
  A quasit (D:12)
  A black bear zombie (Lair:8)
  A giant frog zombie (Lair:7)
  3 centaur zombies (D:11)
  A soldier ant zombie (Lair:8)
  3 two-headed ogre zombies (Orc:4)
  A porcupine zombie (Lair:5)
  10 ogre zombies (Orc:4)
  A necrophage skeleton (D:11)
  8 worker ant zombies (Lair:8)
  An adder zombie (Lab)
  A giant gecko zombie (D:11)
  2 goblin zombies (Orc:3)
  3 green rat zombies (Lair:7)
  A hobgoblin zombie (Orc:3)
  2 jackal zombies (D:11)
  11 fungi
  10 plants
211 creatures vanquished.

Grand Total: 1519 creatures vanquished

Notes
Turn   | Place    | Note
--------------------------------------------------------------
     0 | D:1      | Froboctopus, the Mummy Ice Elementalist, began the quest for the Orb.
     0 | D:1      | Reached XP level 1. HP: 13/13 MP: 3/3
   290 | D:1      | Reached XP level 2. HP: 19/19 MP: 0/4
   577 | D:1      | Reached skill level 3 in Ice Magic
  1052 | D:1      | Reached XP level 3. HP: 16/24 MP: 1/6
  1177 | D:1      | Learned a level 3 spell: Ozocubu's Armour
  1680 | D:2      | Reached XP level 4. HP: 8/30 MP: 0/8
  1921 | D:2      | Noticed Sigmund
  1959 | D:3      | Reached skill level 4 in Ice Magic
  2409 | D:3      | Learned a level 4 spell: Summon Ice Beast
  2544 | D:3      | Reached XP level 5. HP: 14/35 MP: 1/9
  3036 | D:2      | Reached skill level 1 in Summonings
  4153 | D:4      | Reached XP level 6. HP: 22/41 MP: 9/11
  4275 | D:4      | Noticed an ogre
  4368 | D:4      | Got a faintly glowing hand axe
  4369 | D:4      | Identified the cursed -2,+3 hand axe of Tenacity {flame, +Fly rN+ MR++} (You found it on level 4 of the Dungeon)
  4732 | D:5      | Entered Level 5 of the Dungeon
  4744 | D:5      | Noticed Bloax's ghost (average GrTm)
  4969 | D:5      | Killed Bloax's ghost
  5064 | D:5      | Found a shimmering altar of Xom.
  5064 | D:5      | Noticed an angel
  5065 | D:5      | Found a glowing silver altar of Zin.
  5164 | D:5      | Reached skill level 5 in Ice Magic
  5594 | D:5      | Found a staircase to the Ecumenical Temple.
  5605 | D:5      | Reached XP level 7. HP: 39/46 MP: 11/15
  5610 | Temple   | Entered the Ecumenical Temple
  5756 | Temple   | Became a worshipper of Sif Muna the Loreminder
  6312 | D:4      | Killed an ogre
  6608 | D:2      | Killed Sigmund
  6766 | D:6      | Learned a level 4 spell: Throw Icicle
  6837 | D:6      | Found a bloodstained altar of Trog.
  7343 | D:6      | Acquired Sif Muna's first power
  7447 | D:6      | Reached skill level 6 in Ice Magic
  7447 | D:6      | Reached XP level 8. HP: 52/52 MP: 8/18
  7716 | D:6      | Got an opalescent robe
  7722 | D:6      | Identified the +2 robe "Ghobbid" {Dam+4} (You found it on level 6 of the Dungeon)
  7933 | D:7      | Paralysed by a giant eyeball for 2 turns
  7987 | D:7      | Got a faintly glowing war axe
  8119 | D:7      | Noticed Blork the orc
  8154 | D:7      | Killed Blork the orc
  8511 | D:7      | Acquired Sif Muna's second power
  8809 | D:7      | Reached skill level 5 in Summonings
  8815 | D:7      | Identified the +6,+7 war axe "Igyng" {chop, *Tele rF+ MR++ Int-1 Stlth+} (You found it on level 7 of the Dungeon)
  8974 | D:7      | Found a shattered altar of Ashenzari.
  9041 | D:7      | Found Stohewotu's Armour Shop.
  9310 | D:8      | Learned a level 4 spell: Condensation Shield
  9341 | D:8      | Reached skill level 7 in Ice Magic
  9449 | D:8      | HP: 2/52 [orc priest/divine providence (14)]
  9843 | D:8      | Reached skill level 5 in Spellcasting
  9986 | D:8      | Noticed therealpatrickswayze's ghost (experienced DrMo)
 10004 | D:8      | Reached XP level 9. HP: 46/57 MP: 10/21
 10013 | D:8      | Killed therealpatrickswayze's ghost
 10621 | D:9      | Found a shattered altar of Ashenzari.
 10625 | D:9      | Reached skill level 8 in Ice Magic
 10640 | D:9      | Got a steaming quarterstaff
 10641 | D:9      | Identified the +2,+5 quarterstaff of Supply {crush, rElec} (You found it on level 9 of the Dungeon)
 10780 | D:9      | Acquired Sif Muna's third power
 10870 | D:9      | Noticed a kobold demonologist
 10871 | D:9      | Noticed a hill giant
 10990 | D:9      | Found a blossoming altar of Fedhas.
 11233 | D:9      | Found a bloodstained altar of Trog.
 11410 | D:9      | Killed a hill giant
 11410 | D:9      | Reached XP level 10. HP: 54/63 MP: 2/24
 11522 | D:9      | Reached skill level 1 in Conjurations
 11772 | D:9      | Noticed Joseph
 11777 | D:9      | Noticed a sixfirhy
 12008 | D:9      | Killed a kobold demonologist
 12307 | D:10     | Entered Level 10 of the Dungeon
 12343 | D:10     | Found a staircase to the Lair.
 12770 | D:10     | Found a basalt altar of Yredelemnul.
 12789 | D:10     | Reached skill level 9 in Ice Magic
 13000 | D:10     | Got a crude marble ring
 13326 | D:10     | Identified the ring "Cratsau" {Ice Str+2 Dex-3} (You found it on level 10 of the Dungeon)
 13804 | D:10     | Received a gift from Sif Muna
 14152 | D:10     | Reached XP level 11. HP: 64/68 MP: 9/26
 14227 | D:10     | Noticed a hill giant
 14256 | D:10     | Killed a hill giant
 14276 | D:10     | Reached skill level 5 in Conjurations
 14316 | D:10     | Noticed a hill giant
 14325 | D:10     | Killed a hill giant
 14805 | D:10     | Reached skill level 10 in Ice Magic
 15210 | Lair:1   | Entered Level 1 of the Lair of Beasts
 15569 | Lair:1   | Found a white marble altar of Elyvilon.
 16012 | Lair:2   | Noticed Fannar
 16240 | Lair:2   | Received a gift from Sif Muna
 16241 | Lair:2   | Identified Sif Muna's Disquisition on Harmful Summoning (Sif Muna gifted it to you on level 2 of the Lair of Beasts)
 16509 | Lair:2   | Noticed Gastronok
 16519 | Lair:2   | Killed Gastronok
 16737 | Lair:2   | Killed Fannar
 16969 | Lair:3   | Learned a level 2 spell: Repel Missiles
 16975 | Lair:3   | Learned a level 2 spell: Blink
 17440 | Lair:3   | Found a hole to the Spider Nest.
 17856 | Lair:3   | Reached XP level 12. HP: 74/74 MP: 24/28
 18264 | Lair:4   | Noticed a six-headed hydra
 18286 | Lair:4   | Killed a six-headed hydra
 18286 | Lair:4   | Reached skill level 11 in Ice Magic
 18451 | Lair:4   | Found a frozen archway.
 18509 | IceCv    | Entered an ice cave
 18712 | IceCv    | Received a gift from Sif Muna
 18733 | IceCv    | Identified Sif Muna's Guide on Supportive Confrontation (Sif Muna gifted it to you in an ice cave)
 18889 | IceCv    | Learned a level 1 spell: Flame Tongue
 19044 | IceCv    | Upgraded the game from 0.15-a0-53-g5e01d95 to 0.15-a0-58-gfb3cfe9
 19785 | IceCv    | Received a gift from Sif Muna
 19792 | IceCv    | Learned a level 4 spell: Animate Dead
 20000 | IceCv    | Noticed a frost giant
 20411 | IceCv    | Reached skill level 12 in Ice Magic
 20486 | Lair:4   | Reached skill level 1 in Necromancy
 20974 | Lair:4   | Reached XP level 13. HP: 79/79 MP: 20/30
 21715 | Lair:5   | Noticed Nergalle
 21729 | Lair:5   | Killed Nergalle
 21768 | Lair:5   | Your ally Nergalle died
 22544 | Lair:6   | Found a staircase to the Swamp.
 22604 | Lair:6   | Reached skill level 5 in Necromancy
 22726 | Lair:6   | Found a labyrinth entrance.
 22747 | Lab      | Entered a labyrinth
 23350 | Lab      | Received a gift from Sif Muna
 23351 | Lab      | Identified Sif Muna's Collected Works on the Snowflakes and Creation (Sif Muna gifted it to you in a labyrinth)
 23359 | Lab      | Learned a level 6 spell: Ozocubu's Refrigeration
 23438 | Lab      | Identified a +1 rod of striking (7/9) (You took it off a minotaur in a labyrinth)
 23446 | Lab      | Got a smoking silver ring
 23450 | Lab      | Was placed under penance by Sif Muna
 24000 | Lair:7   | Found a staircase to the Slime Pits.
 24001 | Lair:7   | Found a viscous altar of Jiyva.
 24022 | Lair:7   | HP: 1/79 [black mamba (3)]
 24504 | Lair:7   | Reached skill level 10 in Spellcasting
 24653 | Lair:7   | Was forgiven by Sif Muna
 25125 | Lair:8   | Entered Level 8 of the Lair of Beasts
 25210 | Lair:7   | Reached skill level 13 in Ice Magic
 25728 | Lair:8   | Reached XP level 14. HP: 85/85 MP: 23/32
 26286 | Lair:8   | Reached skill level 1 in Shields
 26665 | Lair:8   | Received a gift from Sif Muna
 26674 | Lair:8   | Identified Sif Muna's Handbook of Dark Calling (Sif Muna gifted it to you on level 8 of the Lair of Beasts)
 26792 | Lair:8   | Learned a level 6 spell: Death Channel
 27727 | D:11     | Noticed Erica
 27731 | D:11     | Killed Erica
 27837 | D:11     | Identified the ring "Qoofuef" {rC+ Dex+4 Int+3} (You found it in a labyrinth)
 27929 | D:11     | Found a staircase to the Orcish Mines.
 28038 | Orc:1    | Entered Level 1 of the Orcish Mines
 28348 | Orc:3    | Found a staircase to the Elven Halls.
 28540 | Orc:3    | Found a roughly hewn altar of Beogh.
 28632 | Orc:3    | Noticed Josephine
 28647 | Orc:3    | Killed Josephine
 28868 | Orc:3    | Found a radiant altar of Vehumet.
 29361 | Orc:2    | Found a radiant altar of Vehumet.
 29671 | Orc:1    | Reached skill level 1 in Invocations
 30405 | Orc:4    | Entered Level 4 of the Orcish Mines
 30405 | Orc:4    | Noticed Harold
 30410 | Orc:4    | Killed Harold
 30857 | Orc:4    | Reached skill level 14 in Ice Magic
 31136 | Orc:4    | Your ally Harold died
 31143 | Orc:4    | Reached skill level 10 in Necromancy
 31185 | Orc:4    | Found Xoqed's Assorted Antiques.
 31185 | Orc:4    | Found Pacaj's Assorted Antiques.
 31186 | Orc:4    | Found Skail's Distillery.
 31186 | Orc:4    | Found Gunkudag's Gadget Boutique.
 31396 | Orc:4    | Bought a pair of pitted gloves for 361 gold pieces
 31400 | Orc:4    | Identified the cursed +0 pair of gloves of the Hunter {+Blink +Rage Dex+2} (You bought it in a shop on level 4 of the Orcish Mines)
 32614 | D:11     | Found a glowing golden altar of the Shining One.
 32622 | D:11     | Your ally Erica died
 32937 | D:11     | Reached skill level 1 in Fighting
 33759 | D:12     | Reached XP level 15. HP: 88/96 MP: 4/33
 33875 | D:13     | Found a gate to the Vaults.
 33875 | D:13     | Noticed Donald
 33875 | D:13     | Noticed Norris
 33878 | D:13     | Received a gift from Sif Muna
 33893 | D:13     | Killed Donald
 33898 | D:13     | Killed Norris
 34005 | D:13     | Your ally Donald died
 34738 | D:13     | Reached skill level 5 in Fighting
 35135 | D:14     | Mangled by a skeletal warrior

Action                   |  1- 3 |  4- 6 |  7- 9 | 10-12 | 13-15 || total
-------------------------+-------+-------+-------+-------+-------++-------
Melee: Unarmed           |    10 |       |       |       |       ||    10
       Dagger            |    62 |    74 |       |       |       ||   136
       Short sword       |       |    47 |       |       |       ||    47
       Hand axe          |       |    40 |    97 |       |       ||   137
       Staff             |       |       |    99 |   223 |   257 ||   579
       War axe           |       |       |     6 |       |       ||     6
 Cast: Freeze            |    60 |   110 |   162 |   118 |    92 ||   542
       Ozocubu's Armour  |       |     2 |     3 |     5 |     1 ||    11
       Summon Ice Beast  |       |     3 |    63 |   194 |    29 ||   289
       Throw Icicle      |       |       |     4 |   240 |   379 ||   623
       Repel Missiles    |       |       |       |     1 |       ||     1
       Flame Tongue      |       |       |       |    17 |       ||    17
       Animate Dead      |       |       |       |     1 |   109 ||   110
       Ozocubu's Refrige |       |       |       |       |    64 ||    64
       Death Channel     |       |       |       |       |    19 ||    19
Invok: Channel Energy    |       |       |       |   658 |   551 ||  1209
Evoke: Wand              |       |       |     3 |    11 |     8 ||    22
       Fan of gales      |       |       |       |       |     1 ||     1
  Use: Scroll            |       |    10 |    11 |     6 |     6 ||    33
 Stab: Sleeping          |       |     2 |     5 |       |     1 ||     8
       Distracted        |       |       |     1 |     4 |     1 ||     6
